Map: Turbo Cruise '84 LE

Players

Proximo

  • Race: Zerg Zerg
  • League: Master
  • Spawn Location: 7:00

Mez - Winner!

  • Race: Terran Terran
  • League: Master
  • Spawn Location: 3:00

VOD

Have the link to the VOD?

Description

Time

  • Played on: July 28, 2019, 10:37 p.m.
  • Length: 11:12
Show
View Real Time Build Order
Export as new Build Order

Proximo Zerg 

Build Orders: Hatch First 

Get SALT Encoding   

  12  0:00  Drone  
  13  0:12  Overlord  
  13  0:17  Drone  
  14  0:30  Drone x2  
  16  0:49  Hatchery  
  15  0:53  Drone  
  15  0:56  Drone  
  17  1:00  Extractor  
  16  1:14  Spawning Pool  
  16  1:17  Drone  
  16  1:23  Drone  
  17  1:26  Drone  
  17  1:30  Drone  
  19  1:40  Overlord  
  19  1:50  Drone  
  20  2:02  Queen  
  20  2:03  Queen  
  24  2:11  Metabolic Boost  
  24  2:13  Zergling x2  
  25  2:16  Zergling x2  
  25  2:21  Drone  
  25  2:22  Drone  
  28  2:30  Extractor  
  28  2:38  Drone x4  
  31  2:45  Drone x2  
  33  2:56  Evolution Chamber  
  32  2:58  Overlord, Drone  
  33  3:13  Queen  
  35  3:20  Baneling Nest  
  35  3:25  Zergling x6  
  35  3:26  Drone x3  
  35  3:27  Drone x2  
  42  3:29  Extractor  
  42  3:31  Extractor  
  40  3:48  Drone x2  
  42  3:50  Hatchery  
  42  3:52  Zerg Melee Weapons Level 1  
  41  4:12  Drone x3  
  41  4:13  Overlord x3  
  44  4:27  Lair  
  44  4:30  Baneling x6  
  44  4:31  Queen  
  44  4:32  Zergling x4  
  44  4:33  Zergling x4  
  50  4:41  Zergling x2  
  51  4:47  Drone x2  
  53  4:54  Drone  
  53  4:55  Drone x2  
  53  4:58  Drone  
  53  4:59  Drone  
  58  5:06  Drone x2, Queen  
  62  5:07  Evolution Chamber  
  61  5:21  Drone x5  
  63  5:22  Drone  
  67  5:29  Drone x2  
  67  5:30  Drone  
  70  5:37  Overlord x2  
  70  5:38  Infestation Pit  
  70  5:39  Drone  
  70  5:50  Queen  
  70  5:52  Zerg Melee Weapons Level 2  
  70  5:53  Zerg Ground Armor Level 1  
  72  6:04  Zergling x16  
  69  6:06  Zergling x2  
  70  6:22  Zergling x4  
  70  6:23  Zergling x2  
  70  6:24  Baneling  
  70  6:25  Baneling x6  
  59  6:26  Zergling x4  
  59  6:27  Zergling x8  
  63  6:34  Zergling x2  
  63  6:35  Zergling x6  
  63  6:39  Zergling x6  
  70  6:42  Hatchery  
  70  6:43  Centrifical Hooks  
  68  6:56  Drone  
  68  6:59  Drone x2  
  68  7:00  Drone x2  
  68  7:01  Zergling x2  
  70  7:05  Zergling x6  
  70  7:15  Zergling x6  
  70  7:16  Zergling x2  
  72  7:24  Drone  
  72  7:25  Drone x2  
  69  7:34  Zergling x4  
  69  7:35  Zergling x4  
  72  7:40  Zergling x2  
  73  7:45  Zergling x4  
  73  7:46  Zergling x4, Baneling  
  73  7:47  Baneling x7  
  73  7:48  Baneling x3  
  73  7:50  Hatchery  
  76  8:04  Overlord x3, Zergling x6  
  75  8:29  Zergling x2  
  75  8:32  Zergling x2  
  73  8:37  Baneling  
  73  8:38  Baneling x5  
  73  8:39  Zergling x12  
  73  8:40  Zergling x4  
  71  8:49  Zergling x4  
  71  8:50  Zergling x2  
  71  8:52  Zergling x2  
  71  8:54  Zergling x4  
  59  8:59  Zergling x2  
  59  9:00  Zergling x10  
  55  9:03  Zergling x4  
  49  9:10  Zergling x6  
  42  9:19  Baneling x6  
  42  9:23  Drone x6  
  45  9:32  Extractor  
  45  9:35  Drone  
  45  9:36  Drone  
  46  9:44  Drone x3  
  46  9:45  Drone x3  
  49  9:55  Drone x3  
  49  9:56  Drone  
  53  10:02  Drone x4  
  53  10:05  Baneling  
  53  10:06  Baneling x3  
  57  10:18  Zergling x10  
  57  10:19  Zergling x2  
  62  10:34  Zergling x2  
  62  10:35  Zergling x16  
  70  10:42  Spine Crawler  
  69  10:43  Overlord  
  69  10:44  Spine Crawler  
Show
View Real Time Build Order
Export as new Build Order

Mez Terran - Winner!

Build Orders: Reaper Expand 

Get SALT Encoding   

  12  0:01  SCV  
  13  0:13  SCV  
  14  0:17  Supply Depot  
  14  0:25  SCV  
  15  0:39  SCV  
  15  0:40  Barracks  
  16  0:45  Refinery  
  16  0:51  SCV  
  17  1:03  SCV  
  18  1:15  SCV  
  19  1:29  Reaper, Orbital Command  
  20  1:43  Command Center  
  20  1:54  Barracks  
  20  1:58  SCV  
  21  2:02  Barracks Reactor  
  21  2:10  Barracks  
  21  2:14  SCV  
  22  2:20  Supply Depot  
  22  2:38  Marine  
  22  2:41  SCV, Marine  
  25  2:50  Barracks Tech Lab  
  25  2:53  SCV  
  25  2:56  Marine, Orbital Command  
  25  2:58  Marine  
  28  2:59  Marine  
  29  3:09  Marine  
  29  3:10  Combat Shield  
  31  3:12  SCV  
  31  3:13  Marine  
  31  3:16  Marine  
  31  3:18  Marine  
  34  3:24  SCV  
  34  3:25  SCV  
  36  3:31  Marine  
  36  3:32  Supply Depot  
  36  3:33  Marine x2  
  39  3:36  SCV  
  39  3:48  SCV x2  
  39  3:49  Engineering Bay, Marine x2  
  43  4:00  SCV  
  43  4:01  SCV  
  45  4:05  Supply Depot  
  45  4:09  Marine x4  
  48  4:10  Supply Depot  
  48  4:18  Bunker  
  48  4:26  Marine, Terran Infantry Weapons Level 1  
  48  4:30  Stimpack  
  48  4:31  SCV x2  
  51  4:44  Marine x4  
  51  4:45  SCV x2  
  57  4:55  Command Center  
  57  4:57  SCV x2  
  59  5:00  Factory  
  59  5:02  Refinery  
  59  5:03  Refinery  
  59  5:05  Marine x3  
  62  5:10  SCV x2  
  64  5:14  Marine  
  65  5:22  SCV x2  
  67  5:32  Barracks Reactor, Marine x2  
  67  5:34  SCV x2  
  70  5:44  Barracks  
  70  5:45  Barracks  
  70  5:46  Starport  
  70  5:48  Factory Reactor  
  70  5:55  Supply Depot x2  
  70  5:56  Supply Depot  
  70  6:07  SCV x2, Marine x3  
  75  6:16  Marine x2  
  68  6:24  Marine x3  
  71  6:33  Marine  
  71  6:34  Barracks Reactor x2, Marine  
  71  6:38  Medivac x2  
  71  6:39  Barracks  
  77  6:41  Barracks x2  
  77  6:42  Marine x3  
  78  6:51  Marine x2  
  79  7:00  Marine  
  74  7:03  Marine x2  
  74  7:04  SCV x2  
  74  7:07  Terran Infantry Armor Level 1  
  74  7:09  Marine x2  
  74  7:11  Medivac x2  
  79  7:18  Marine x3  
  79  7:21  Marine x2  
  79  7:22  Marine x2  
  86  7:27  Marine  
  86  7:29  Marine  
  87  7:32  Barracks Tech Lab x2  
  87  7:33  Barracks Tech Lab  
  87  7:36  Marine  
  89  7:37  Orbital Command  
  89  7:38  SCV  
  90  7:48  Armory  
  90  7:49  SCV  
  90  7:50  SCV  
  92  7:52  Engineering Bay  
  92  8:01  SCV  
  92  8:02  SCV  
  92  8:03  Bunker  
  92  8:04  Supply Depot  
  94  8:08  Supply Depot  
  94  8:10  Marine x4  
  94  8:11  Supply Depot  
  99  8:13  SCV  
  99  8:14  SCV  
  99  8:16  Marine x2  
  99  8:17  Marine x3  
  87  8:29  Marine x4  
  83  8:40  Orbital Command  
  78  9:01  Marine  
  78  9:02  Marine x8  
  67  9:13  Marine x3  
  67  9:16  SCV  
  70  9:20  Marine  
  71  9:28  Marine x3  
  71  9:29  SCV  
  75  9:34  Marine x2  
  77  9:44  Marine x5  
  81  9:50  Marine  
  81  9:51  Marine x3  
  85  10:10  SCV x3  
  88  10:20  Supply Depot  
  88  10:22  SCV  
  89  10:33  Marine x4  
  89  10:34  Marine x2, Marauder x3  
  98  10:36  SCV x2  
  98  10:38  SCV  
  101  10:43  Supply Depot  
  101  10:48  SCV x2  
  103  10:51  Supply Depot  
Tags
 
Add a new tag
Caveats
  • Supply blocks, unpowered buildings, or Contaminate may cause inaccurate times.
  • Supply counts are checked every 10 seconds.